Map: [ESL] Ancient Cistern

Players

Ukko

  • Race: Zerg Zerg
  • Spawn Location: 7:00

Nina - Winner!

  • Race: Protoss Protoss
  • Spawn Location: 1:00

Event: ESL SC2 Masters 2023 Summer (Regionals)

VOD

Have the link to the VOD?

Description

Time

  • Played on: May 10, 2023, 4:29 p.m.
  • Length: 8:50

All games in this series

Show
View Real Time Build Order
Export as new Build Order

Ukko Zerg 

Build Orders: Hatch First 

Get SALT Encoding   

  12  0:00  Drone  
  13  0:12  Overlord  
  13  0:16  Drone  
  14  0:31  Drone x2  
  16  0:48  Hatchery  
  15  0:50  Drone  
  15  0:55  Drone  
  17  0:58  Drone  
  18  1:08  Extractor  
  17  1:13  Spawning Pool  
  17  1:16  Drone  
  17  1:19  Drone  
  18  1:28  Drone  
  19  1:41  Drone  
  20  1:52  Overlord  
  20  1:59  Queen x2  
  20  2:00  Zergling x4  
  26  2:10  Drone  
  26  2:12  Drone, Metabolic Boost  
  28  2:21  Drone x2  
  30  2:32  Drone  
  31  2:37  Hatchery  
  30  2:44  Queen  
  30  2:48  Overlord  
  30  2:50  Drone  
  33  2:53  Drone  
  33  2:55  Drone  
  33  2:57  Drone  
  36  3:05  Queen  
  36  3:07  Overlord  
  36  3:10  Drone  
  39  3:14  Drone x2  
  39  3:16  Drone  
  39  3:19  Drone  
  42  3:27  Queen  
  44  3:34  Overlord  
  44  3:38  Drone x2  
  44  3:39  Drone  
  47  3:48  Drone x4  
  51  3:50  Spore Crawler  
  50  3:59  Drone x6  
  50  4:00  Queen  
  58  4:07  Overlord x2  
  58  4:13  Drone x2  
  58  4:14  Overlord  
  58  4:15  Spore Crawler  
  59  4:21  Drone x5  
  63  4:34  Drone x5  
  63  4:38  Lair  
  67  4:41  Drone x5  
  72  4:46  Roach Warren  
  72  4:48  Evolution Chamber, Drone x2  
  72  4:50  Drone  
  72  4:51  Drone  
  74  4:56  Extractor  
  74  4:57  Drone x3, Extractor x2  
  74  4:58  Drone  
  75  5:00  Overlord  
  75  5:01  Drone  
  75  5:03  Drone x2  
  78  5:11  Hatchery  
  77  5:19  Overlord x2  
  77  5:20  Zerg Missile Weapons Level 1  
  77  5:22  Drone x9  
  77  5:25  Extractor  
  83  5:29  Drone x2, Extractor  
  83  5:33  Overlord  
  81  5:37  Spore Crawler  
  80  5:45  Drone x2, Pneumatized Carapace  
  82  5:57  Glial Reconstitution  
  82  6:01  Roach x5, Zergling x10  
  97  6:06  Overlord  
  97  6:08  Roach  
  99  6:12  Hatchery  
  99  6:14  Roach x3  
  104  6:23  Overlord x2  
  104  6:31  Overlord  
  105  6:37  Overlord  
  105  6:38  Overlord  
  105  6:39  Roach  
  104  6:43  Roach x8  
  122  6:54  Roach x4  
  122  6:55  Queen x3  
  122  6:56  Overlord x3  
  122  7:00  Roach x2  
  137  7:04  Roach  
  137  7:13  Overlord  
  137  7:14  Overlord  
  133  7:16  Ravager x9  
  133  7:17  Ravager  
  133  7:18  Roach  
  133  7:19  Zergling x8  
  133  7:20  Roach  
  151  7:24  Roach x2  
  151  7:27  Roach x2  
  158  7:40  Roach x7  
  168  7:47  Roach x3  
  173  7:54  Roach  
  173  7:55  Overseer  
  171  8:01  Roach x2  
  171  8:05  Overlord  
  170  8:18  Roach x6  
  147  8:29  Roach x7  
  139  8:38  Ravager x5  
Show
View Real Time Build Order
Export as new Build Order

Nina Protoss - Winner!

Build Orders: 1 Gate Expand, Oracle Opening 

Get SALT Encoding   

  12  0:00  Probe  
  13  0:12  Probe  
  14  0:19  Pylon  
  14  0:24  Probe  
  15  0:37  Probe (Chrono Boost)  
  15  0:38  Gateway  
  16  0:48  Probe (Chrono Boost), Assimilator  
  17  0:53  Probe (Chrono Boost)  
  18  1:03  Probe  
  19  1:16  Probe  
  20  1:26  Nexus  
  20  1:35  Cybernetics Core  
  20  1:37  Probe  
  21  1:44  Assimilator  
  21  1:50  Probe  
  22  1:54  Pylon  
  22  2:04  Probe (Chrono Boost)  
  23  2:12  Adept  
  26  2:16  Probe (Chrono Boost)  
  26  2:18  Stargate  
  26  2:21  Probe (Chrono Boost)  
  27  2:27  Warp Gate  
  27  2:30  Probe (Chrono Boost)  
  28  2:39  Probe (Chrono Boost)  
  28  2:42  Probe (Chrono Boost), Adept  
  32  2:47  Probe (Chrono Boost)  
  32  2:49  Probe (Chrono Boost)  
  34  2:52  Probe (Chrono Boost)  
  35  3:00  Probe, Oracle (Chrono Boost)  
  35  3:04  Probe  
  40  3:09  Pylon  
  40  3:12  Probe  
  41  3:16  Probe, Adept  
  44  3:24  Probe  
  45  3:28  Probe  
  45  3:34  Oracle (Chrono Boost)  
  49  3:36  Probe  
  49  3:40  Probe  
  51  3:43  Pylon  
  51  3:47  Nexus  
  52  3:48  Probe  
  52  3:52  Probe  
  53  3:58  Gateway  
  53  4:00  Probe  
  54  4:04  Shield Battery  
  54  4:06  Probe, Assimilator  
  54  4:09  Assimilator  
  55  4:11  Oracle  
  55  4:13  Probe  
  59  4:18  Twilight Council  
  59  4:19  Probe  
  60  4:26  Gateway  
  60  4:30  Gateway  
  60  4:35  Probe x2  
  62  4:40  Pylon  
  62  4:44  Pylon  
  62  4:45  Pylon  
  62  4:49  Blink (Chrono Boost)  
  62  4:59  Stalker x2  
  68  5:01  Probe x3 (Chrono Boost)  
  69  5:12  Probe (Chrono Boost)  
  69  5:14  Probe x2 (Chrono Boost)  
  72  5:17  Probe (Chrono Boost)  
  72  5:19  Pylon  
  73  5:22  Probe  
  74  5:35  Stalker x4  
  83  5:36  Probe (Chrono Boost)  
  83  5:39  Forge  
  83  5:40  Probe (Chrono Boost)  
  83  5:42  Probe (Chrono Boost)  
  85  5:46  Probe (Chrono Boost)  
  85  5:49  Probe (Chrono Boost)  
  87  5:50  Robotics Facility  
  87  5:56  Probe  
  88  5:58  Probe, Assimilator  
  88  6:00  Stalker x2  
  88  6:01  Stalker x2, Assimilator  
  88  6:03  Probe  
  98  6:07  Templar Archives  
  98  6:08  Probe  
  98  6:10  Probe  
  100  6:19  Probe  
  100  6:20  Probe  
  100  6:22  Pylon  
  102  6:31  Probe  
  103  6:34  Nexus  
  101  6:41  Gateway  
  101  6:42  Gateway  
  101  6:44  Psionic Storm  
  101  6:45  Gateway  
  99  6:48  Probe  
  99  6:49  Gateway, Immortal (Chrono Boost)  
  99  6:51  High Templar  
  106  7:02  High Templar  
  106  7:03  High Templar x2  
  106  7:06  Shield Battery  
  110  7:19  Immortal (Chrono Boost)  
  110  7:20  Pylon  
  110  7:21  Pylon  
  114  7:23  Shield Battery  
  114  7:27  Pylon, Shield Battery  
  114  7:32  Pylon  
  114  7:35  Pylon  
  114  7:36  Photon Cannon  
  114  7:37  Oracle  
  114  7:43  Stalker x6  
  129  7:51  Stalker x2  
  129  7:54  Immortal  
  133  8:10  Stalker x4  
  133  8:12  Stalker x2  
  134  8:27  Archon  
  117  8:40  Zealot x3  
  117  8:41  Zealot  
  129  8:45  Cybernetics Core  
Tags
 
Add a new tag
Caveats
  • Supply blocks, unpowered buildings, or Contaminate may cause inaccurate times.
  • Supply counts are checked every 10 seconds.